 Dungeon Sprint DCSS version 0.17-a0-1262-gd250d98 (webtiles) character file.

5320 Kidiri the Unseen (level 10, -1/55 HPs)
             Began as a Spriggan Assassin on June 6, 2015.
             Was an Elder of Dithmenos.
             Slain by a spriggan defender
             ... wielding a +0 dagger
              (30 damage)
             ... in the Dungeon (Sprint III: "The Ten Rune Challenge").
             The game lasted 00:10:29 (2130 turns).

Kidiri the Unseen (Spriggan Assassin)               Turns: 2130, Time: 00:10:29

Health: -1/55      AC:  5    Str:  7    XL:     10   Next: 38%
Magic:  17/17      EV: 32    Int: 14    God:    Dithmenos [****..]
Gold:   20         SH:  0    Dex: 18    Spells: 0 memorised, 9 levels left

rFire  + + .     SeeInvis +     a - +2 dagger
rCold  + . .     Clarity  .     w - +2 robe {rC+ rF+}
rNeg   . . .     SustAt   .     (shield restricted)
rPois  .         Gourm    .     (helmet restricted)
rElec  .         Spirit   .     d - +0 cloak
rCorr  .         Warding  .     (gloves unavailable)
rMut   .         NoTele   +     (boots unavailable)
MR     +....                    (no amulet)
Stlth  ++++++++++               (no ring)
                                (no ring)

@: wreathed by umbra, very quick, somewhat resistant to hostile enchantments,
uncannily stealthy
A: unfitting armour, see invisible, clumsy 1, fire resistance 1, herbivore 3,
speed 3, slow metabolism 2
a: Shadow Step, Renounce Religion


You were in the Dungeon.
You worshipped Dithmenos.
Dithmenos was greatly pleased with you.
You were not hungry.

You visited 1 branch You collected 20 gold pieces.

Inventory:

Hand weapons
 a - a +2 dagger (weapon)
 b - a +0 blowgun
 f - a +0 shortbow
 q - a +2 morningstar of distortion
Missiles
 c - 46 arrows
 e - 8 poisoned needles
 i - 18 poisoned arrows
 x - a curare-tipped needle
Armour
 d - a +0 cloak (worn)
 w - a +2 robe of resistance (worn)
Magical devices
 o - a wand of enslavement (17)
Scrolls
 m - a scroll of blinking
 n - a scroll of identify
 r - 3 scrolls of remove curse
 u - a scroll of torment
Potions
 h - 2 potions of curing
 j - 2 potions of haste
 k - 2 potions of magic
 p - 2 potions of might
 t - 3 potions of flight
 v - a potion of cure mutation
Books
 l - a book of Enchantments

   Spells                             Type                      Level
   a - Cause Fear                     Hexes                        4
   b - Silence                        Hexes/Air                    5
   c - Deflect Missiles               Charms/Air                   6
   d - Haste                          Charms                       6
   e - Discord                        Hexes                        8
Comestibles
 g - a bread ration
 s - 3 royal jellies


   Skills:
 + Level 7.1 Fighting
 * Level 12.7 Short Blades
 + Level 9.2 Throwing
 * Level 15.6 Dodging
 * Level 17.6 Stealth
 + Level 6.4 Invocations
 + Level 8.6 Evocations


You had 9 spell levels left.
You didn't know any spells.

Dungeon Overview and Level Annotations

Branches:
Dungeon (1/1)

Altars:
Cheibriados
Dithmenos
Elyvilon
Fedhas
Gozag
Kikubaaqudgha
Makhleb
Nemelex Xobeh
Okawaru
Qazlal
Ru
Sif Muna
Trog
Vehumet
Xom
Yredelemnul
Zin
The Shining One
Jiyva
Lugonu

Annotations:
D exclusion: obsidian statue


Innate Abilities, Weirdness & Mutations

You are tiny and cannot use many weapons and most armour.
You have supernaturally acute eyesight.
You are a herbivore.
You cover ground extremely quickly.
You need consume almost no food.
You are clumsy. (Dex -2)
Your flesh is heat resistant.


Message History

Press: ? - help, Shift-Dir - straight line, f/p - spriggan defender
Aim: a spriggan defender, wielding a dagger (lightly wounded, slow, poisoned, umbra)
You shoot a curare-tipped needle.
The curare-tipped needle closely misses the spriggan defender.
Firing (i - inventory. (,) - cycle):
x - 2 curare-tipped needles (quivered)
Press: ? - help, Shift-Dir - straight line, f/p - spriggan defender
Aim: a spriggan defender, wielding a dagger (lightly wounded, slow, poisoned, umbra)
You shoot a curare-tipped needle.
The curare-tipped needle barely misses the spriggan defender.
Wield which item (- for none, * to show all)? (? for menu, Esc to quit)
a - a +2 dagger (weapon)
You barely miss the spriggan defender.
The spriggan defender is lightly wounded.
The spriggan defender misses you.
You hit the spriggan defender.
The spriggan defender is lightly wounded.
Your shadow hits the spriggan defender but does no damage.
The spriggan defender hits you with a dagger!!
Ouch! That really hurt!
You die...

#...#§#≈≈≈#
#####.# ≈§≈#
#)PPP.# §
#.)P.P#
#..)PP#
#...%P#
#'#####
#.....+
#@###########
#i#%PP.......
#.#PP.....#
#(#P....###
#.#ii.###8#
#.#i###§..
#.#'#§§§§
#.#i§§.§§§#
#§#§§§§...#


You could see a spriggan defender.

Vanquished Creatures
  Dowan (D)
  Erica (D)
  A centaur warrior (D)
  An unseen horror (D)
  Duvessa (D)
  A deep elf priest (D)
  A spriggan defender (D)
  An orc high priest (D)
  A shadow (D)
  A spatial vortex (D)
  A necrophage (D)
  2 centaurs (D)
  An earth elemental (D)
  A water elemental (D)
  A scorpion (D)
  3 orc priests (D)
  A jelly (D)
  Jessica (D)
  A wizard (D)
  A necromancer (D)
  A kobold demonologist (D)
  3 humans (D)
  3 rats (D)
30 creatures vanquished.

Vanquished Creatures (others)
  2 draconian scorchers (D)
  3 yaktaurs (D)
5 creatures vanquished.

Grand Total: 35 creatures vanquished

Notes
Turn   | Place    | Note
--------------------------------------------------------------
     0 | D        | Kidiri the Spriggan Assassin began the quest for the Orb.
     0 | D        | Reached XP level 1. HP: 10/10 MP: 2/2
     4 | D        | Reached skill level 6 in Stealth
    41 | D        | Noticed Jessica
    44 | D        | Killed Jessica
    44 | D        | Reached skill level 7 in Stealth
    44 | D        | Reached XP level 2. HP: 15/15 MP: 3/3
    65 | D        | Noticed a scorpion
    82 | D        | Killed a scorpion
    82 | D        | Reached skill level 5 in Dodging
    82 | D        | Reached skill level 8 in Stealth
    82 | D        | Reached XP level 3. HP: 17/19 MP: 4/4
    82 | D        | Reached XP level 4. HP: 20/23 MP: 5/5
   109 | D        | Gained mutation: You are clumsy. (Dex -2) [potion of mutation]
   109 | D        | Lost mutation: You are clumsy. (Dex -2) [potion of mutation]
   109 | D        | Gained mutation: You are clumsy. (Dex -2) [potion of mutation]
   110 | D        | Gained mutation: Your flesh is heat resistant. [potion of mutation]
   110 | D        | Killed a yaktaur
   185 | D        | Reached skill level 5 in Short Blades
   278 | D        | Killed a white draconian scorcher
   282 | D        | Killed a yaktaur
   315 | D        | Killed a white draconian scorcher
   412 | D        | Noticed a water elemental
   422 | D        | Killed a water elemental
   422 | D        | Reached skill level 9 in Stealth
   422 | D        | Reached XP level 5. HP: 28/28 MP: 6/6
   575 | D        | Noticed a jelly
   576 | D        | Noticed a shadow
   578 | D        | Killed a shadow
   578 | D        | Reached skill level 5 in Throwing
   578 | D        | Reached skill level 11 in Stealth
   578 | D        | Reached XP level 6. HP: 31/33 MP: 7/7
   582 | D        | Killed a jelly
   631 | D        | Killed a yaktaur
   697 | D        | Found a stormy altar of Qazlal.
   697 | D        | Found a sacrificial altar of Ru.
   697 | D        | Found a burning altar of Makhleb.
   697 | D        | Found a shimmering altar of Xom.
   698 | D        | Found a viscous altar of Jiyva.
   698 | D        | Found a shadowy altar of Dithmenos.
   698 | D        | Found a sparkling altar of Nemelex Xobeh.
   698 | D        | Found a corrupted altar of Lugonu.
   698 | D        | Found an opulent altar of Gozag.
   698 | D        | Noticed a spatial vortex
   702 | D        | Killed a spatial vortex
   702 | D        | Reached skill level 10 in Dodging
   702 | D        | Reached skill level 12 in Stealth
   703 | D        | Became a worshipper of Dithmenos the Shadowed
   831 | D        | Found a radiant altar of Vehumet.
   831 | D        | Found a deep blue altar of Sif Muna.
   831 | D        | Found an ancient bone altar of Kikubaaqudgha.
   831 | D        | Noticed a wizard
   833 | D        | Killed a wizard
   852 | D        | Found a glowing silver altar of Zin.
   852 | D        | Found a glowing golden altar of the Shining One.
   852 | D        | Found a white marble altar of Elyvilon.
   853 | D        | Noticed a deep elf priest
   855 | D        | Killed a deep elf priest
   855 | D        | Reached skill level 13 in Stealth
   855 | D        | Reached XP level 7. HP: 36/38 MP: 7/10
   886 | D        | Found an iron altar of Okawaru.
   886 | D        | Found a bloodstained altar of Trog.
   886 | D        | Noticed a human
   886 | D        | Noticed a human
   889 | D        | Killed a human
   889 | D        | Reached skill level 5 in Fighting
   937 | D        | Killed a human
   996 | D        | Found a basalt altar of Yredelemnul.
   996 | D        | Found a snail-covered altar of Cheibriados.
   996 | D        | Found a blossoming altar of Fedhas.
   996 | D        | Noticed a necrophage
   996 | D        | Noticed a necromancer
   998 | D        | Killed a necromancer
   998 | D        | Acquired Dithmenos's first power
   998 | D        | Reached XP level 8. HP: 43/43 MP: 12/12
   999 | D        | Killed a necrophage
   999 | D        | Reached skill level 14 in Stealth
  1124 | D        | Noticed Erica
  1126 | D        | Killed Erica
  1126 | D        | Reached skill level 10 in Short Blades
  1126 | D        | Reached skill level 15 in Stealth
  1126 | D        | Reached skill level 5 in Evocations
  1152 | D        | Noticed an earth elemental
  1155 | D        | Killed an earth elemental
  1161 | D        | Noticed a centaur
  1161 | D        | Noticed a centaur warrior
  1161 | D        | Noticed a centaur
  1177 | D        | Killed a centaur
  1195 | D        | Killed a centaur
  1195 | D        | Acquired Dithmenos's second power
  1195 | D        | Reached XP level 9. HP: 19/48 MP: 14/14
  1213 | D        | Killed a centaur warrior
  1213 | D        | Reached skill level 5 in Invocations
  1484 | D        | Noticed an unseen horror
  1522 | D        | Killed an unseen horror
  1522 | D        | Reached skill level 16 in Stealth
  1663 | D        | Noticed Dowan
  1663 | D        | Noticed Duvessa
  1666 | D        | Killed Dowan
  1666 | D        | Acquired Dithmenos's third power
  1666 | D        | Reached skill level 15 in Dodging
  1666 | D        | Reached skill level 17 in Stealth
  1666 | D        | Reached XP level 10. HP: 53/53 MP: 11/17
  1759 | D        | Killed Duvessa
  2017 | D        | Noticed an orc priest
  2017 | D        | Noticed an orc priest
  2019 | D        | Noticed an orc high priest
  2019 | D        | Noticed an orc priest
  2020 | D        | Killed an orc priest
  2021 | D        | Killed an orc priest
  2023 | D        | Killed an orc high priest
  2026 | D        | Killed an orc priest
  2072 | D        | Noticed an obsidian statue
  2077 | D        | Noticed a spriggan defender
  2078 | D        | Noticed a spriggan defender
  2078 | D        | Noticed a spriggan defender
  2078 | D        | Noticed a spriggan defender
  2120 | D        | Killed a spriggan defender
  2130 | D        | Slain by a spriggan defender

Vault maps used:
D:        dungeon_sprint_mu

Action                   |  1- 3 |  4- 6 |  7- 9 | 10-12 || total
-------------------------+-------+-------+-------+-------++-------
Melee: Dagger            |     4 |    23 |    61 |   105 ||   193
 Fire: Blowgun           |     2 |     5 |    17 |    12 ||    36
Invok: Shadow Step       |       |       |     1 |     2 ||     3
  Use: Potion            |       |     3 |     2 |       ||     5
       Scroll            |       |       |     4 |       ||     4
 Stab: Sleeping          |     3 |     6 |     6 |     4 ||    19
       Distracted        |       |       |       |     1 ||     1
